 Dungeon Crawl Stone Soup version 0.21-a0-81-gc5150db (webtiles) character file.

39 Rrauwl the Vexing (level 3, -1/20 HPs)
             Began as a Deep Elf Arcane Marksman on June 23, 2017.
             Slain by a kobold (4 damage)
             ... on level 2 of the Dungeon.
             The game lasted 00:05:00 (1409 turns).

Rrauwl the Vexing (Deep Elf Arcane Marksman)        Turns: 1409, Time: 00:05:00

Health: -1/20      AC:  2    Str: 15    XL:     3   Next: 26%
Magic:  0/7        EV: 13    Int: 17    God:
Gold:   98         SH:  0    Dex: 15    Spells: 1/5 levels left

rFire    . . .     SeeInvis .   c - +0 shortbow
rCold    . . .     Gourm    .   (shield currently unavailable)
rNeg     . . .     Faith    .   e - +0 robe
rPois    .         Spirit   +   (no helmet)
rElec    .         Reflect  .   (no cloak)
rCorr    .         Harm     .   (no gloves)
MR       .....                  (no boots)
Stlth    +.........             l - amulet of guardian spirit
HPRegen  0.00/turn              (no ring)
MPRegen  0.10/turn              (no ring)

@: mighty
A: inhibited regeneration, strong 1
a: no special abilities


You were on level 2 of the Dungeon.
You were not hungry.

You visited 1 branch of the dungeon, and saw 2 of its levels.

You collected 98 gold pieces.

Inventory:

Hand Weapons
 a - a +0 whip
 c - a +0 shortbow (weapon)
Armour
 e - a +0 robe (worn)
Jewellery
 l - an amulet of guardian spirit (around neck)
Scrolls
 q - a scroll of remove curse
Potions
 k - a potion of flight {unknown}
 m - a potion of invisibility {unknown}
Books
 h - a book of Debilitation

   Spells                             Type                      Level
   a - Corona                         Hexes                        1
   b - Slow                           Hexes                        2
   c - Inner Flame                    Hexes/Fire                   3
   d - Portal Projectile              Hexes/Translocation          3
   e - Cause Fear                     Hexes                        4
   f - Leda's Liquefaction            Hexes/Earth                  4
Comestibles
 b - a meat ration
 f - a bread ration
 g - 4 chunks of flesh


   Skills:
 - Level 1.0 Fighting
 + Level 2.9 Bows
 + Level 3.0 Dodging
 + Level 1.8 Spellcasting
 + Level 4.5 Hexes


You had one spell level left.
You knew the following spells:

 Your Spells              Type           Power        Failure   Level  Hunger
a - Corona                Hex            ###....      3%          1    #......
b - Inner Flame           Hex/Fire       #.......     22%         3    ###....


Dungeon Overview and Level Annotations

Branches:
Dungeon (2/15)

Altars:
Fedhas


Innate Abilities, Weirdness & Mutations

You do not regenerate when monsters are visible.
Your muscles are strong. (Str +2)


Message History

You feel very mighty all of a sudden. The worm bites you but does no damage.
The hobgoblin barely misses you.
Really attack while wielding your +0 shortbow? [Y]es or [N]o only, please.
Really attack while wielding your +0 shortbow?
You closely miss the hobgoblin.
The hobgoblin is almost dead.
The hobgoblin hits you with a club. The worm bites you but does no damage.
You barely miss the hobgoblin.
The hobgoblin is almost dead.
The hobgoblin hits you with a club.
* * * LOW HITPOINT WARNING * * *
The worm bites you.
* * * LOW HITPOINT WARNING * * *
Unknown command.
You clumsily bash the hobgoblin.
You kill the hobgoblin!
Your Dodging skill increases to level 3!
The kobold hits you.
You die...

.. ##...##
......#
#.###.....##(..
#.#.......#)####
#....._........#
#.......#.##.#
##..g.(####
##..(## # ##w##
####.#####.@#
.......(.##K####
#....g..((.<.#
#..#..#.#######
##.#.# ..#.#
g?##.# ##. #K#
#. #(#


You could see a worm, a goblin and a kobold.

Vanquished Creatures
  Robin (D:2)
  A leopard gecko (D:1)
  2 bats (D:1)
  7 goblins
  4 hobgoblins
  3 jackals (D:1)
  A ball python (D:1)
  2 frilled lizards (D:1)
  4 kobolds (D:1)
25 creatures vanquished.

Notes
Turn   | Place    | Note
-------+----------+-------------------------------------------
     0 | D:1      | Rrauwl the Deep Elf Arcane Marksman began the quest for the Orb.
     0 | D:1      | Reached XP level 1. HP: 11/11 MP: 5/5
   273 | D:1      | Reached XP level 2. HP: 16/16 MP: 6/6
  1183 | D:2      | Found a blossoming altar of Fedhas.
  1207 | D:2      | Noticed Robin
  1220 | D:2      | Killed Robin
  1220 | D:2      | Reached skill level 1 in Fighting
  1220 | D:2      | Reached XP level 3. HP: 17/20 MP: 4/7
  1365 | D:1      | Learned a level 3 spell: Inner Flame
  1405 | D:2      | Gained mutation: You do not regenerate when monsters are visible. [potion of mutation]
  1405 | D:2      | Gained mutation: Your muscles are strong. (Str +2) [potion of mutation]
  1409 | D:2      | Slain by a kobold

Vault maps used:
D:1:      dpeg_arrival_three_same_balls
D:2:      lemuel_coloured_pillars_altar, lemuel_round_altar, uniq_jessica,
          uniq_robin

Skill      XL: |  1  2  3 |
---------------+----------+-----
Fighting       | 1 |  1.0
Dodging        | 3 |  3.0
Bows           | |  2.9
Spellcasting   | |  1.8
Hexes          | |  4.5

Action                   || total
-------------------------++-------
Melee: Shortbow          ||     3
 Fire: Shortbow          ||    74
  Use: Potion            ||     5
       Scroll            ||     2
  Eat: Chunk             ||     1
Armor: Robe              ||     9
Dodge: Dodged            ||    27
